 Dungeon Crawl Stone Soup version 0.29-a0-486-ga88943ba61 (webtiles) character file.

Game seed: 10523048699969045510

126 Morbidden the Conjurer (level 5, -2/25 HPs)
             Began as a Vine Stalker Conjurer on May 26, 2022.
             Killed from afar by an orc wizard (8 damage)
             ... with a magic dart
             ... on level 3 of the Dungeon.
             The game lasted 00:02:25 (2948 turns).

Morbidden the Conjurer (Vine Stalker Conjurer)      Turns: 2948, Time: 00:02:26

Health: -2/25      AC:  2    Str: 10    XL:     5   Next: 9%
Magic:  0/10       EV: 12    Int: 20    God:
Gold:   103        SH:  0    Dex: 12    Spells: 6/9 levels left

rFire   . . .      SeeInvis .     - Unarmed
rCold   . . .      Faith    .   (no shield)
rNeg    . . .      Spirit   +   a - +0 robe
rPois   .          Reflect  .   (no helmet)
rElec   .          Harm     .   (no cloak)
rCorr   .          Rampage  .   (no gloves)
Will    .....                   (no boots)
Stlth   ++........              e - amulet of the acrobat
HPRegen 0.88/turn               j - ring of flight
MPRegen 0.12/turn               (no ring)

@: flying
A: fangs 2, regeneration 1, magic shield, antimagic bite, no potion heal 2
a: no special abilities


You were on level 3 of the Dungeon.
You visited 1 branch of the dungeon, and saw 3 of its levels.

You collected 103 gold pieces.

Inventory:

Armour
 a - a +0 robe (worn)
 p - a +0 ring mail of fire resistance
Jewellery
 e - an amulet of the acrobat (around neck)
 j - a ring of flight (left hand)
Wands
 o - a wand of flame (8)
Scrolls
 c - 2 scrolls of identify {unknown}
 h - 2 scrolls of teleportation {unknown}
 m - a scroll of poison {unknown}
 n - a scroll of summoning {unknown}
Potions
 b - a potion of magic
 d - a potion of haste {unknown}
 f - a potion of heal wounds {unknown}
 g - a potion of degeneration {unknown}
 i - 4 potions of lignification {unknown}
 k - a potion of resistance {unknown}
 l - a potion of invisibility {unknown}


   Skills:
 * Level 0.6 Fighting
 * Level 2.1 Dodging
 + Level 2.8 Stealth
 * Level 1.1 Unarmed Combat
 * Level 2.9 Spellcasting
 * Level 5.2 Conjurations


You had 6 spell levels left.
You knew the following spells:

 Your Spells              Type           Power      Damage    Failure   Level
a - Magic Dart            Conj           92%        1d7       1%          1
b - Searing Ray           Conj           46%        2d6       2%          2

Your spell library contained the following spells:

 Spells                   Type           Power      Damage    Failure   Level
 Dazzling Flash           Conj/Hex       26%        N/A       16%         3
 Fulminant Prism          Conj/Hex       6%         3d7       45%         4
 Iskenderun's Mystic Bla  Conj/Tloc      13%        2d5       45%         4
 Irradiate                Conj/Tmut      6%         3d15      80%         5
 Blade Hands              Tmut           1%         N/A       99%         5
 Dragon Form              Tmut           1%         N/A       100%        7


Dungeon Overview and Level Annotations

Branches:
Dungeon (3/15)

Altars:
Trog

Shops:
D:2 =


Innate Abilities, Weirdness & Mutations

You have extremely sharp teeth.
Your natural rate of healing is unusually fast.
When hurt, damage is shared between your health and your magic reserves.
Your bite disrupts and absorbs the magic of your enemies.
Potions cannot restore your health.


Message History

Unknown command.
You barely miss the orc wizard. Your bite misses the orc wizard.
The orc wizard is moderately wounded.
The orc wizard hits you with a +0 dagger.
* * * LOW HITPOINT WARNING * * *
Unknown command.
Unknown command.
You barely miss the orc wizard. Your bite misses the orc wizard.
The orc wizard is moderately wounded.
The orc wizard hits you with a +0 dagger.
* * * LOW HITPOINT WARNING * * *
Unknown command.
Unknown command.
You closely miss the orc wizard.
The orc wizard is moderately wounded.
The orc wizard hits you but does no damage.
Unknown command.
Unknown command.
You hit the orc wizard.
The orc wizard is heavily wounded.
The orc wizard barely misses you.
Unknown command.
Unknown command.
You closely miss the orc wizard. Your bite misses the orc wizard.
The orc wizard is heavily wounded.
The orc wizard closely misses you.
Unknown command.
Unknown command.
You hit the orc wizard but do no damage.
The orc wizard is heavily wounded.
The orc wizard gestures wildly while chanting.
The orc wizard flickers and vanishes!
Deactivating autopickup; reactivate with Ctrl-A.
Unknown command.
Unknown command.
You completely miss something.
You hear some strange, mumbled words.
A magic dart appears from out of thin air!
The magic dart hits you!
You die...

# #####.# # .....#
#.##########.##.#
#.....{.........#
#..#...@..#.)...# #
#$)...$#.[.#.#
#......#.))#.##
#.(.)...........##.
#..)......)........#
#.#...#..#.....###>#
#.#...#._#.....#
#.#...#..#.###.# #.#
............# #.#


There were no monsters in sight!

Vanquished Creatures
  Jessica (D:2)
  An adder (D:3)
  2 worms (D:2)
  2 dart slugs (D:1)
  9 orcs (D:3)
  7 endoplasms
  2 giant cockroaches
  11 goblins
  6 hobgoblins
  3 quokkas
  6 ball pythons
  6 bats
  6 frilled lizards
  2 kobolds (D:2)
  6 rats
70 creatures vanquished.

Notes
Turn   | Place    | Note
-------+----------+-------------------------------------------
     0 | D:1      | Morbidden the Vine Stalker Conjurer began the quest for the
                  | Orb.
     0 | D:1      | Reached XP level 1. HP: 9/9 MP: 4/4
   261 | D:1      | Reached XP level 2. HP: 13/13 MP: 1/6
   783 | D:1      | Reached XP level 3. HP: 16/16 MP: 4/7
   974 | D:2      | Learned a level 2 spell: Searing Ray
  1203 | D:2      | Found Gamon's Jewellery Shop.
  1839 | D:2      | Noticed Jessica
  1841 | D:2      | Killed Jessica
  1842 | D:2      | Reached skill level 5 in Conjurations
  1842 | D:2      | Gained mutation: Your natural rate of healing is unusually
                  | fast. [Vine Stalker growth]
  1842 | D:2      | Reached XP level 4. HP: 21/21 MP: 5/8
  2606 | D:3      | Found a bloodstained altar of Trog.
  2768 | D:3      | Reached skill level 1 in Unarmed Combat
  2768 | D:3      | Reached XP level 5. HP: 25/25 MP: 2/10
  2862 | D:3      | Found a faded altar of an unknown god.
  2943 | D:3      | HP: 1/25 [orc wizard/+0 dagger (1)]
  2948 | D:3      | Killed from afar by an orc wizard

Illustrated notes

Levels and vault maps discovered:
D:1:      shiori_arrival_oz, layout_rooms
D:2:      layout_basic, serial_shops, shop, minmay_misc_feat_diagonals,
          chequers_serial_rivers_marsh, minivault_24, st_stairs_14,
          minmay_tripent, uniq_jessica
D:3:      layout_rooms, trog_butcher_becter, hellmonk_ecumenical_altar_lost_god

Skill      XL: |  1  2  3  4 |
---------------+-------------+-----
Dodging        | 2 |  2.1
Conjurations   | 5 |  5.2
Unarmed Combat | 1 |  1.1
Fighting       | |  0.6
Stealth        | |  2.8
Spellcasting   | |  2.9

Action                   |  1- 3 |  4- 6 || total
-------------------------+-------+-------++-------
Melee: Unarmed           |    28 |    32 ||    60
       Bite              |     6 |       ||     6
       Punch             |     1 |       ||     1
 Cast: Magic Dart        |    86 |    55 ||   141
 Stab: Sleeping          |     1 |       ||     1
Armor: Robe              |     8 |     9 ||    17
Dodge: Dodged            |    32 |    15 ||    47

Table legend: (Time is in decaauts)
 A = Elapsed time spent in this place.
 B = Non-inter-level travel time spent in this place.
 C = Inter-level travel time spent in this place.
 D = Time resting spent in this place.
 E = Time spent auto-exploring this place.
 F = Levels seen in this place.
 G = Mean time per level.
                   A        B        C        D        E       F      G
               +--------+--------+--------+--------+--------+-----+--------+
         Total |   2950 |   2893 |     57 |      0 |   2536 |   3 |  983.3 |
       Dungeon |   2950 |   2893 |     57 |      0 |   2536 |   3 |  983.3 |
               +--------+--------+--------+--------+--------+-----+--------+

Top non-repeatable levels by time:
     D:2: 1353 daAuts
     D:1: 970 daAuts
     D:3: 626 daAuts
